 Dungeon Crawl Stone Soup version 0.14-a0-1974-gdb6e453 (webtiles) character file.

11920 Kae the Unseen (level 11, -6/49 HPs)
             Began as a Spriggan Enchanter on Jan 17, 2014.
             Was a High Priest of Dithmengos.
             Mangled by a six-headed hydra (14 damage)
             ... on Level 3 of the Lair of Beasts.
             The game lasted 00:35:18 (15470 turns).

Kae the Unseen (Spriggan Enchanter)                Turns: 15470, Time: 00:35:20

HP  -6/49        AC  5     Str  7      XL: 11   Next: 46%
MP  29/31        EV 20     Int 16      God: Dithmengos [*****.]
Gold 723         SH  0     Dex 18      Spells:  5 memorised, 14 levels left

rFire  . . .     SeeInvis +     a - +1,+2 dagger
rCold  . . .     Clarity  .     b - +2 robe
rNeg   . . .     Conserve .     (shield restricted)
rPois  .         rCorr    .     (helmet restricted)
rElec  .         rRot     .     e - +0 orc cloak
SustAb . .       Spirit   .     (gloves unavailable)
rMut   .         Warding  .     (boots unavailable)
Saprov . . .     Stasis   .     k - amulet of faith
MR     +....                    (no ring)
                                J - ring of wizardry

@: burdened, wreathed by umbra, very quick, somewhat resistant to hostile
enchantments, extraordinarily stealthy
A: unfitting armour, see invisible, herbivore 3, speed 3, slow metabolism 2
a: Shadow Step, Shadow Form, Renounce Religion


You were on level 3 of the Lair of Beasts.
You worshipped Dithmengos.
Dithmengos was extremely pleased with you.
You were encumbered.
You were very full.

You visited 3 branches of the dungeon, and saw 14 of its levels.
You also visited: Sewer.

You collected 723 gold pieces.

Inventory:

Hand weapons
 a - a +1,+2 dagger (weapon)
Missiles
 d - 12 darts (quivered)
Armour
 b - a +2 robe (worn)
 e - a +0 orcish cloak (worn)
Magical devices
 n - a wand of polymorph (12)
 q - a wand of disintegration (8)
 G - a wand of digging (11)
Comestibles
 u - 6 bread rations
Scrolls
 h - 3 scrolls of identify
 l - 4 scrolls of teleportation
 m - 9 scrolls of remove curse
 v - a scroll of amnesia
 C - a scroll of recharging
 D - a scroll of enchant weapon II
 E - 2 scrolls of enchant armour
Jewellery
 k - an amulet of faith (around neck)
 p - an uncursed ring of protection from magic
 t - an uncursed ring of protection from cold
 H - an uncursed ring of fire
 J - a ring of wizardry (left hand)
Potions
 f - a potion of mutation {unknown}
 g - a potion of lignification
 i - a potion of confusion {unknown}
 o - 3 potions of speed
 r - 4 potions of heal wounds
 s - a potion of resistance
 w - 2 potions of brilliance
 z - 2 potions of flight
 A - 9 potions of curing
 B - a potion of agility
 I - 2 potions of magic {unknown}
Books
 c - a book of Maledictions

   Spells                             Type                      Level
   *Corona                            Hexes                        1
   Sure Blade                         Hexes/Charms                 2
   *Ensorcelled Hibernation           Hexes/Ice                    2
   *Confuse                           Hexes                        3
   Enslavement                        Hexes                        4
   *Invisibility                      Hexes                        6
 j - a book of Fire

   Spells                             Type                      Level
   Fire Brand                         Charms/Fire                  2
   Ignite Poison                      Fire/Transmutation           5
   Fireball                           Conjuration/Fire             5
   Bolt of Fire                       Conjuration/Fire             6
   Delayed Fireball                   Conjuration/Fire             7
   Ring of Flames                     Charms/Fire                  7
   Dithmengos disapproves of the use of such an item.
 x - a book of Summonings

   Spells                             Type                      Level
   Abjuration                         Summoning                    3
   Recall                             Summoning/Translocation      3
   Summon Elemental                   Summoning                    4
   Shadow Creatures                   Summoning                    5
   Summon Demon                       Summoning                    5
   Summon Ugly Thing                  Summoning                    6
 y - Sif Muna's Reference Book on Damaging Cold
   (You found it on level 2 of the Lair of Beasts)

   Spells                             Type                      Level
   Throw Icicle                       Conjuration/Ice              4
   Freezing Cloud                     Conjuration/Ice/Air          6
   Ozocubu's Refrigeration            Ice                          6
 F - a book of Minor Magic

   Spells                             Type                      Level
   Magic Dart                         Conjuration                  1
   *Blink                             Translocation                2
   Call Imp                           Summoning                    2
   Repel Missiles                     Charms/Air                   2
   Slow                               Hexes                        2
   Conjure Flame                      Conjuration/Fire             3
   Mephitic Cloud                     Conjuration/Poison/Air       3


   Skills:
 + Level 1.4 Fighting
 * Level 11.3 Short Blades
 - Level 1.1 Throwing
 + Level 4.9 Dodging
 * Level 15.6 Stealth
 + Level 9.1 Spellcasting
 + Level 9.2 Hexes


You had 14 spell levels left.
You knew the following spells:

 Your Spells              Type           Power        Failure   Level  Hunger
a - Corona                Hex            #####..      1%          1    None
b - Ensorcelled Hibernat  Hex/Ice        ###...       1%          2    None
c - Confuse               Hex            #####...     1%          3    #......
d - Invisibility          Hex            #####...     13%         6    ######.
e - Blink                 Tloc           N/A          7%          2    None


Dungeon Overview and Level Annotations

Branches:
Dungeon (10/16)            Temple (1/1) D:4             Orc (0/4) D:9
   Lair (3/8) D:9
  Swamp: Lair:3-6    Shoals: Lair:3-6     Snake: Lair:3-6    Spider: Lair:3-6

Altars:
Ashenzari
Cheibriados
Dithmengos
Elyvilon
Fedhas
Kikubaaqudgha
Makhleb
Nemelex Xobeh
Okawaru
Sif Muna
Trog
Vehumet
Xom
Yredelemnul
Zin
the Shining One

Shops:
D:7 !(

Annotations:
D:7 exclusion: electric eel


Innate Abilities, Weirdness & Mutations

You are tiny and cannot use many weapons and most armour.
You have supernaturally acute eyesight.
You are a herbivore.
You cover ground extremely quickly.
You need consume almost no food.


Message History

Found a bone ring.
The helpless bat fails to defend itself.
You slice the bat like a ripe choko!!!!
You kill the bat!
Dithmengos accepts your kill.
The six-headed hydra roars!
You see here a bat corpse.
Casting: Blink
Confirm with . or Enter, or press ? or * to list all spells.
Aiming: Ensorcelled Hibernation
Press: ? - help, Shift-Dir - straight line, f - six-headed hydra
Aim: a six-headed hydra (umbra)
The six-headed hydra resists with almost no effort.
The six-headed hydra misses you. The six-headed hydra bites you.
The six-headed hydra bites you!
You emit a cloud of dark smoke.
The six-headed hydra completely misses you.
The six-headed hydra bites you!
* * * LOW HITPOINT WARNING * * *
The six-headed hydra bites you!
You die...

.....#$.... ..r#..#.....#
...f.......## #....P.......#
. #.............
..##.....#=#......P.
.........#§.>.........
.......##.#D§#..###.P..
#........#@#.........#
##.......§§§.f.#.....# .
###..#......§.ff.......##
..##P#..#.....#.#...P.#....#
...............#...#...P...##
.......#.........#.....f....#
.....>.+............<..#.#.##
.......#.............f#..#.##
........#f##.............#..#


You could see a six-headed hydra.

Vanquished Creatures
  A hydra (Lair:2)
  Urug (D:10)
  A cyclops (D:10)
  2 spiny frogs
  Grinder (D:5)
  A two-headed ogre (D:8)
  Sonja (D:10)
  4 blink frogs (Lair:2)
  4 yaks
  A hog (D:7)
  A wraith (D:10)
  A steam dragon (D:4)
  A hungry ghost (D:9)
  Menkaure (D:5)
  A hippogriff (Lair:2)
  A manticore (D:10)
  6 porcupines
  6 orc warriors
  A human (D:7)
  A necrophage (D:9)
  A giant goldfish (D:7)
  2 ogres
  3 black bears
  3 sky beasts
  6 centaurs
  4 crocodiles
  7 giant frogs
  A big kobold (D:9)
  A giant slug (Lair:1)
  A gnoll sergeant (D:9)
  4 agate snails
  5 water moccasins
  An eye of draining (D:9)
  A jellyfish (D:7)
  A yak skeleton (D:9)
  3 crimson imps
  A giant frog skeleton (D:7)
  A goliath beetle (D:9)
  A jelly (D:8)
  A big fish (D:3)
  3 hounds
  6 orc wizards
  An iguana (D:4)
  4 orc priests
  A scorpion (D:6)
  9 worker ants
  A sky beast zombie (D:6)
  2 sheep (D:7)
  A big kobold zombie (D:9)
  Ijyb (D:5)
  A killer bee zombie (D:7)
  An ogre skeleton (D:4)
  A hound skeleton (D:7)
  5 gnolls (D:9)
  9 green rats
  17 adders
  3 giant centipedes
  3 giant mites
  5 worms
  A goliath beetle zombie (D:10)
  21 grey rats (Sewer)
  2 giant geckos
  2 oozes
  26 orcs
  7 ball pythons
  4 giant cockroaches
  17 hobgoblins
  25 jackals
  34 kobolds
  5 quokkas
  22 bats
  5 giant newts
  14 goblins
  A goblin skeleton (D:4)
  A hobgoblin skeleton (D:7)
  2 kobold skeletons (D:6)
  A quokka zombie (D:5)
  15 rats
  24 ballistomycetes
388 creatures vanquished.

Vanquished Creatures (others)
  5 giant spores
5 creatures vanquished.

Grand Total: 393 creatures vanquished

Notes
Turn   | Place    | Note
--------------------------------------------------------------
     0 | D:1      | Kae, the Spriggan Enchanter, began the quest for the Orb.
     0 | D:1      | Reached XP level 1. HP: 9/9 MP: 4/4
   446 | D:1      | Reached XP level 2. HP: 10/13 MP: 5/7
   450 | D:1      | Learned a level 2 spell: Ensorcelled Hibernation
  1171 | D:2      | Reached XP level 3. HP: 13/16 MP: 9/9
  1473 | D:2      | Reached skill level 4 in Stealth
  1975 | D:2      | Reached XP level 4. HP: 17/21 MP: 7/13
  2661 | D:3      | Found a radiant altar of Vehumet.
  2661 | D:3      | Found a shimmering altar of Xom.
  2998 | D:3      | Found a glowing drain.
  3012 | D:3      | Reached skill level 5 in Stealth
  3012 | D:3      | Reached XP level 5. HP: 20/24 MP: 1/16
  3051 | Sewer    | Entered a sewer
  3776 | Sewer    | Learned a level 3 spell: Confuse
  3867 | Sewer    | Reached skill level 6 in Stealth
  4461 | Sewer    | Reached XP level 6. HP: 18/28 MP: 1/18
  5077 | D:4      | Reached skill level 7 in Stealth
  5158 | D:4      | Noticed a steam dragon
  5165 | D:4      | Killed a steam dragon
  5165 | D:4      | Reached skill level 5 in Short Blades
  5165 | D:4      | Reached XP level 7. HP: 29/32 MP: 16/21
  5323 | D:4      | Found a staircase to the Ecumenical Temple.
  5474 | Temple   | Entered the Ecumenical Temple
  5631 | Temple   | Became a worshipper of Dithmengos
  5759 | D:5      | Entered Level 5 of the Dungeon
  6055 | D:5      | Reached skill level 8 in Stealth
  6083 | D:5      | Noticed Grinder
  6090 | D:5      | Killed Grinder
  6090 | D:5      | Reached skill level 5 in Hexes
  6178 | D:5      | Noticed Menkaure
  6452 | D:5      | Killed Menkaure
  6452 | D:5      | Reached skill level 9 in Stealth
  6452 | D:5      | Reached skill level 5 in Spellcasting
  6452 | D:5      | Reached XP level 8. HP: 36/36 MP: 20/24
  6458 | D:5      | Found a glowing golden altar of the Shining One.
  6936 | D:6      | Reached skill level 10 in Stealth
  7358 | D:5      | Noticed Ijyb
  7361 | D:5      | Killed Ijyb
  7471 | D:7      | Learned a level 6 spell: Invisibility
  7548 | D:7      | Found Kloiriepn's Distillery.
  7676 | D:7      | Acquired Dithmengos' first power
  7786 | D:7      | Reached XP level 9. HP: 39/39 MP: 22/27
  7835 | D:7      | Reached skill level 11 in Stealth
  8024 | D:7      | Found Fruberam's Antique Weapon Shoppe.
  8725 | D:8      | Reached skill level 12 in Stealth
  8829 | D:8      | Found a sparkling altar of Nemelex Xobeh.
  8829 | D:8      | Noticed a seven-headed hydra
  8830 | D:8      | Noticed a hill giant
  9696 | D:8      | Acquired Dithmengos' second power
  9929 | D:9      | Found a staircase to the Lair.
 10146 | D:9      | Reached XP level 10. HP: 10/44 MP: 18/29
 10234 | D:9      | Reached skill level 13 in Stealth
 10507 | D:9      | Found a staircase to the Orcish Mines.
 11022 | D:9      | Acquired Dithmengos' third power
 11033 | D:9      | Found a shattered altar of Ashenzari.
 11218 | D:10     | Entered Level 10 of the Dungeon
 11374 | D:10     | Noticed Sonja
 11767 | D:10     | Noticed Urug
 11787 | D:10     | Killed Urug
 11787 | D:10     | Reached skill level 10 in Short Blades
 11798 | D:10     | Noticed a cyclops
 11805 | D:10     | Killed a cyclops
 11805 | D:10     | Reached skill level 14 in Stealth
 12029 | D:10     | Killed Sonja
 13141 | Lair:1   | Entered Level 1 of the Lair of Beasts
 14039 | Lair:1   | Reached XP level 11. HP: 47/47 MP: 31/31
 14274 | Lair:1   | Reached skill level 15 in Stealth
 14362 | Lair:2   | Acquired Dithmengos' fourth power
 14372 | Lair:2   | Identified Sif Muna's Reference Book on Damaging Cold
 14436 | Lair:2   | Noticed a seven-headed hydra
 14480 | Lair:2   | Killed a seven-headed hydra
 14480 | Lair:2   | Reached skill level 1 in Fighting
 15359 | Lair:2   | Learned a level 2 spell: Blink
 15465 | Lair:3   | Noticed a six-headed hydra
 15470 | Lair:3   | Mangled by a six-headed hydra

Action                   |  1- 3 |  4- 6 |  7- 9 | 10-12 || total
-------------------------+-------+-------+-------+-------++-------
Melee: Dagger            |   164 |   179 |   364 |   422 ||  1129
Throw: Dart              |       |       |     1 |       ||     1
 Cast: Corona            |     4 |     4 |       |       ||     8
       Ensorcelled Hiber |    17 |    72 |   103 |    97 ||   289
       Confuse           |       |     1 |     4 |     9 ||    14
       Invisibility      |       |       |       |     4 ||     4
       Blink             |       |       |       |     2 ||     2
Evoke: Wand              |       |       |     7 |     3 ||    10
  Use: Potion            |       |     5 |     2 |     2 ||     9
       Scroll            |       |    13 |     8 |     5 ||    26
 Stab: Sleeping          |    15 |    60 |    91 |   100 ||   266
       Confused          |       |     2 |     3 |     4 ||     9
       Distracted        |       |       |     2 |     2 ||     4
       Invisible         |       |       |       |     3 ||     3
